 Dungeon Crawl Stone Soup version 0.22.1-2-g9c5b331383 (webtiles) character file.

44 McIrco the Vexing (level 3, -3/24 HPs)
             Began as a Vampire Enchanter on Jan 5, 2019.
             Slain by a worm (8 damage)
             ... on level 1 of the Dungeon.
             The game lasted 00:02:12 (3060 turns).

McIrco the Vexing (Vampire Enchanter)               Turns: 3060, Time: 00:02:12

Health: -3/24      AC:  2    Str:  7    XL:     3   Next: 39%
Magic:  6/6        EV: 14    Int: 17    God:
Gold:   77         SH:  0    Dex: 15    Spells: 3/6 levels left

rFire    . . .     SeeInvis +   a - +1 dagger
rCold    + + .     Gourm    .   (no shield)
rNeg     + + +     Faith    .   b - +0 robe
rPois    ∞         Spirit   .   (no helmet)
rElec    .         Reflect  .   (no cloak)
rCorr    .         Harm     .   (no gloves)
MR       .....                  (no boots)
Stlth    ++++......             (no amulet)
HPRegen  0.00/turn              g - ring of attention (curse)
MPRegen  0.10/turn              (no ring)

@: bloodless, non-regenerating
A: fangs 3, see invisible, unbreathing
a: Bat Form


You were on level 1 of the Dungeon.
You were bloodless.

You visited 1 branch of the dungeon, and saw 2 of its levels.

You collected 77 gold pieces.

Inventory:

Hand Weapons
 a - a +1 dagger (weapon)
Armour
 b - a +0 robe (worn)
Jewellery
 g - a cursed ring of attention (left hand)
Scrolls
 e - a scroll of fear {unknown}
 f - a scroll of identify
 h - a scroll of remove curse {unknown}
 i - a scroll of amnesia {unknown}
Potions
 c - a potion of magic
 d - 12 potions of blood


   Skills:
 - Level 1.1 Short Blades
 + Level 4.2 Dodging
 - Level 4.4 Stealth
 - Level 2.0 Spellcasting
 - Level 4.4 Hexes


You had 3 spell levels left.
You knew the following spells:

 Your Spells              Type           Power        Failure   Level  Hunger
a - Corona                Hex            ###....      3%          1    #......
b - Ensorcelled Hibernat  Hex/Ice        #.....       12%         2    ###....

Your spell library contained the following spells:

 Spells                   Type           Power        Failure   Level  Hunger
 Confuse                  Hex            ###.....     10%         3    ###....
 Tukima's Dance           Hex            ###.....     10%         3    ###....
 Dazzling Spray           Conj/Hex       #.....       24%         3    ###....


Dungeon Overview and Level Annotations

Branches:
Dungeon (2/15)

Altars:


Innate Abilities, Weirdness & Mutations

You do not heal naturally.
You are immune to poison.
You have razor-sharp teeth.
You have supernaturally acute eyesight. (SInv)
You can survive without breathing.


Message History

You barely miss the worm. You bite the worm.
The worm is lightly wounded.
You hit the worm.
The worm is lightly wounded.
The worm bites you!
You are too injured to fight recklessly!
You are too injured to fight recklessly!
You are too injured to fight recklessly!
You are too injured to fight recklessly!
You are too injured to fight recklessly!
You hit the worm.
The worm is lightly wounded.
The worm bites you.
* * * LOW HITPOINT WARNING * * *
You hit the worm.
The worm is moderately wounded.
You hit the worm but do no damage. You bite the worm.
The worm is moderately wounded.
The worm bites you!
You die...

##########......
#...##.......)..
#...............
#...##.#####...#
#####...##.###......
#......###..........
#......##.....#..≈##
#..w........≈..#..≈≈
#..@.......≈≈≈.....≈
#......#....≈≈≈≈...#
#......#....#≈≈≈≈...
#......#....###≈≈≈..
######.###...#######
#............###⌠..
#......###....###..
#......# ##†..# #'#
######## ##..# #..


You could see a worm.

Vanquished Creatures
  An adder (D:2)
  An ooze (D:1)
  A dart slug (D:1)
  2 leopard geckos (D:1)
  3 bats (D:1)
  2 giant cockroaches (D:1)
  4 goblins (D:1)
  4 hobgoblins (D:1)
  A quokka (D:2)
  2 frilled lizards (D:1)
  4 kobolds (D:1)
25 creatures vanquished.

Notes
Turn   | Place    | Note
-------+----------+-------------------------------------------
     0 | D:1      | McIrco the Vampire Enchanter began the quest for the Orb.
     0 | D:1      | Reached XP level 1. HP: 13/13 MP: 3/3
  2136 | D:1      | Reached XP level 2. HP: 14/19 MP: 5/5
  2140 | D:1      | Learned a level 2 spell: Ensorcelled Hibernation
  2839 | D:1      | Reached XP level 3. HP: 24/24 MP: 6/6
  3060 | D:1      | Slain by a worm

Skill      XL: |  1  2  3 |
---------------+----------+-----
Dodging        | 3 4 |  4.2
Short Blades   | |  1.1
Stealth        | |  4.4
Spellcasting   | |  2.0
Hexes          | |  4.4

Action                   || total
-------------------------++-------
Melee: Dagger            ||    86
       Bite              ||     8
 Cast: Ensorcelled Hiber ||     3
  Use: Scroll            ||     2
       Potion            ||     1
 Stab: Sleeping          ||    14
Armor: Robe              ||    15
Dodge: Dodged            ||    53
